 Dungeon Crawl Stone Soup version 0.31-a0-159-gadcf659a07 (webtiles) character file.

Game seed: 12251099984639071427

289 qw the Shooter (level 6, -1/39 HPs)
             Began as a Gargoyle Hunter on June 12, 2023.
             Slain by a black bear (3 damage)
             ... on level 4 of the Dungeon.
             The game lasted 00:01:12 (2480 turns).

qw the Shooter (Gargoyle Hunter)                    Turns: 2480, Time: 00:01:12

Health: -1/39      AC: 10    Str: 19    XL:     6   Next: 31%
Magic:  6/6        EV: 11    Int: 14    God:
Gold:   162        SH:  0    Dex: 14    Spells: 5/5 levels left

rFire   . . .        Y - +0 shortbow
rCold   . . .        (shield currently unavailable)
rNeg    + . .        b - +0 ring mail
rPois   inf          (no helmet)
rElec   +            (no cloak)
rCorr   .            (no gloves)
SInv    .            e - +0 pair of boots
Will    .....        i - amulet of the acrobat
Stlth   +            l - +6 ring of strength
HPRegen 0.26/turn    (no ring)
MPRegen 0.10/turn

%: acrobat, clarity
@: flying
A: sickness immunity, AC +4, negative energy resistance 1, electricity
resistance, torment resistance 1, petrification resistance, big wings, claws 1,
clarity, clever 1
a: no special abilities


You were on level 4 of the Dungeon.
You visited 1 branch of the dungeon, and saw 4 of its levels.

You collected 162 gold pieces.


Innate Abilities, Weirdness & Mutations

You are immune to sickness and miasma.
Your stone body is resilient. (AC +4)
You are immune to poison.
You resist negative energy. (rN+)
You are resistant to electric shocks. (rElec)
You are resistant to unholy torment.
You are immune to petrification.
Your large and strong wings let you fly.
You have sharp fingernails.
You possess an exceptional clarity of mind.
Your mind is acute. (Int +4, Str/Dex -1)


   Skills:
 - Level 4.5 Fighting
 + Level 6.2 Ranged Weapons
 - Level 1.1 Armour
 - Level 1.5 Dodging
 - Level 1.1 Stealth


You had 5 spell levels left.
You didn't know any spells.
Your spell library was empty.

Inventory:

Hand Weapons
 Y - a +0 shortbow (weapon)
Armour
 b - a +0 ring mail (worn)
 e - a +0 pair of boots (worn)
Jewellery
 c - an amulet of reflection
 i - an amulet of the acrobat (around neck)
 l - a +6 ring of strength (left claw)
Scrolls
 h - a scroll of fear {unknown}
Potions
 a - a potion of curing
 d - a potion of cancellation {unknown}
 f - a potion of heal wounds {unknown}
 g - a potion of degeneration {unknown}
 k - a potion of berserk rage {unknown}

Dungeon Overview and Level Annotations

Branches:
Dungeon (4/15)
 Temple: D:4-7

Altars:
Ashenzari
Cheibriados
Hepliaklqana
Zin

Shops:
D:1 (


Message History

The dart slug launches a dart at you. The slug dart misses you.
You shoot an arrow. The arrow hits the dart slug!
You kill the dart slug!
You see here a dart slug corpse.
A black bear comes into view.
The black bear growls angrily.
Enter note:
Enter note:
Enter note:
Enter note: You shoot an arrow.
The arrow hits the black bear!
The black bear is moderately wounded.
You shoot an arrow. The arrow hits the black bear.
The black bear is moderately wounded.
You shoot an arrow.
The arrow closely misses the black bear.
You shoot an arrow. The arrow hits the black bear!
The black bear is heavily wounded.
The black bear bites you!
The black bear claws you but does no damage. x2
You shoot an arrow. The arrow hits the black bear.
The black bear is severely wounded.
The black bear goes berserk!
You shoot an arrow. The arrow hits the black bear.
The black bear is almost dead.
The black bear bites you! The black bear barely misses you.
The black bear claws you but does no damage.
The black bear bites you! The black bear closely misses you.
The black bear barely misses you.
You shoot an arrow. The arrow hits the black bear.
The black bear is almost dead.
The black bear bites you! The black bear claws you.
The black bear claws you but does no damage.
You shoot an arrow. The arrow hits the black bear.
The black bear is almost dead.
The black bear bites you but does no damage.
The black bear claws you but does no damage.
The black bear claws you.
You die...

........##...##
###%...#...###
##..##.## ##.....#
###.....##
#........########
#...............##
#................##
#..............%@.#
########.....####h.#
##..[## #..# ##..#
#... #..# #...# #..#
..## ##..# .# #
#####...# #
#####.......###


You could see a black bear (berserk).

Vanquished Creatures
  A black bear (D:4)
  Jessica (D:2)
  An iguana (D:4)
  4 adders
  3 gnolls (D:4)
  3 worms
  3 dart slugs
  2 orcs
  5 ball pythons
  3 endoplasms
  3 giant cockroaches
  5 goblins
  4 hobgoblins
  9 jackals
  6 kobolds
  2 quokkas (D:2)
  A bat (D:2)
  2 frilled lizards
  2 rats (D:3)
60 creatures vanquished.

Notes
Turn   | Place    | Note
-------+----------+-------------------------------------------
     0 | D:1      | qw the Gargoyle Hunter began the quest for the Orb.
     0 | D:1      | Reached XP level 1. HP: 12/12 MP: 1/1
     0 | D:1      | 0 ||| qw: Version: 0.2-a-29-gc1b59c4
     0 | D:1      | 0 ||| qw: Game counter: 4164
     0 | D:1      | 0 ||| qw: Always use a shield: true
     0 | D:1      | 0 ||| qw: God list: Okawaru
     0 | D:1      | 0 ||| qw: Allow faded altars: false
     0 | D:1      | 0 ||| qw: Do Orc after D:15 true
     0 | D:1      | 0 ||| qw: Do second Lair branch before Depths: true
     0 | D:1      | 0 ||| qw: Lair rune preference: random
     0 | D:1      | 0 ||| qw: Plans: Normal, Zot:1-4, Slime:5, God:TSO, Crypt,
                  | Tomb, Abyss, Pan, Hells, Win
     0 | D:1      | 0 ||| PLANNING D:1-11
    68 | D:1      | 68 ||| DROPPING scroll of butterflies.
   114 | D:1      | Found Ickir's Weapon Emporium.
   121 | D:1      | 121 ||| SHOPLISTING +5 shortbow of Wounding {speed, Fragile
                  | rPois MP+9 Dex+3} (712 gold, have 9).
   166 | D:1      | Found a faded altar of an unknown god.
   211 | D:1      | Reached XP level 2. HP: 11/17 MP: 2/2
   540 | D:1      | Reached XP level 3. HP: 21/21 MP: 3/3
   586 | D:1      | 586 ||| READING scroll labelled GILIYSS UKACW.
   587 | D:1      | 587 ||| READING scroll labelled MAIDYM FAPH.
   588 | D:1      | 588 ||| READING scroll labelled UTZISH QURIUST.
   623 | D:2      | 623 ||| STAIRDANCE
   626 | D:1      | Reached skill level 5 in Ranged Weapons
   817 | D:2      | Reached skill level 3 in Fighting
   817 | D:2      | Reached XP level 4. HP: 28/28 MP: 4/4
  1095 | D:2      | Found a glowing silver altar of Zin.
  1193 | D:2      | Noticed Jessica
  1199 | D:2      | Killed Jessica
  1261 | D:2      | 1261 ||| UPGRADING to +0 pair of boots.
  1266 | D:2      | 1266 ||| UPGRADING to amulet of the acrobat.
  1271 | D:2      | 1271 ||| READING scroll labelled PYEQEKHA OMARR.
  1272 | D:2      | 1272 ||| DRINKING 2 white potions.
  1273 | D:2      | 1273 ||| DROPPING potion of enlightenment.
  1313 | D:3      | 1313 ||| STAIRDANCE
  1323 | D:2      | Reached XP level 5. HP: 23/32 MP: 5/5
  1400 | D:3      | Found a hazy altar of Hepliaklqana.
  1823 | D:3      | 1823 ||| UPGRADING to +0 ring mail.
  1833 | D:3      | 1833 ||| DROPPING +0 leather armour.
  1834 | D:3      | 1834 ||| UPGRADING to +6 ring of strength.
  1835 | D:3      | 1835 ||| READING scroll labelled UCLOHURHEH.
  1836 | D:3      | 1836 ||| DRINKING 2 lumpy grey potions.
  1837 | D:3      | 1837 ||| DRINKING 2 lumpy brown potions.
  1837 | D:3      | Gained mutation: You have an increased reservoir of magic.
                  | (+10% MP) [potion of mutation]
  1837 | D:3      | Gained mutation: You are vulnerable to cold. (rC-) [potion
                  | of mutation]
  1837 | D:3      | Gained mutation: You are vulnerable to heat. (rF-) [potion
                  | of mutation]
  1838 | D:3      | 1838 ||| DRINKING potion of mutation.
  1838 | D:3      | Lost mutation: You are vulnerable to cold. (rC-) [potion of
                  | mutation]
  1838 | D:3      | Lost mutation: You have an increased reservoir of magic.
                  | (+10% MP) [potion of mutation]
  1838 | D:3      | Lost mutation: You are vulnerable to heat. (rF-) [potion of
                  | mutation]
  1838 | D:3      | Gained mutation: You have sharp fingernails. [potion of
                  | mutation]
  1838 | D:3      | Gained mutation: Your mind is acute. (Int +4, Str/Dex -1)
                  | [potion of mutation]
  1838 | D:3      | Gained mutation: You possess an exceptional clarity of
                  | mind. [potion of mutation]
  1838 | D:3      | Gained mutation: Your large and strong wings let you fly.
                  | [potion of mutation]
  1860 | D:4      | Reached skill level 1 in Armour
  1869 | D:4      | 1869 ||| STAIRDANCE
  1900 | D:4      | Reached skill level 6 in Ranged Weapons
  1992 | D:4      | Noticed a black bear
  1998 | D:4      | HP: 4/32 [iguana (6)]
  1999 | D:4      | 1999 ||| READING scroll of teleportation.
  2118 | D:4      | Found a snail-covered altar of Cheibriados.
  2120 | D:4      | Found a broken altar of Ashenzari.
  2274 | D:4      | HP: 8/32 [black bear (6)]
  2275 | D:4      | Killed a black bear
  2276 | D:4      | Reached XP level 6. HP: 10/39 MP: 6/6
  2307 | D:4      | HP: 5/39 [iguana (6)]
  2313 | D:4      | HP: 4/39 [orc/+0 club (2)]
  2472 | D:4      | Noticed a black bear
  2479 | D:4      | HP: 8/39 [black bear (7)]
  2479 | D:4      | HP: 2/39 [black bear (6)]
  2480 | D:4      | Slain by a black bear

Levels and vault maps discovered:
D:1:      sevenhm_arrival_forest_fort_small_4, layout_basic, serial_shops, shop,
          ebering_ecumenical_altar_ruins, hangedman_glass_teeth
D:2:      layout_loops_cross, basic_altar, uniq_jessica
D:3:      layout_basic, lemuel_crystal_altar
D:4:      layout_layer_cave, mainiacjoe_overflow_big_doors,
          minmay_misc_feat_ornament, hangedman_decor_points, uniq_robin

Skill      XL: |  1  2  3  4  5 |
---------------+----------------+-----
Ranged Weapons | 5 6 |  6.2
Fighting       | 3 4 |  4.5
Armour         | 1 |  1.1
Dodging        | |  1.5
Stealth        | |  1.1

Action                     |  1- 3 |  4- 6 || total
---------------------------+-------+-------++-------
   Fire: Shortbow          |    93 |   181 ||   274
    Use: Scroll            |     3 |     3 ||     6
         Potion            |       |     4 ||     4
 Armour: Leather armour    |    28 |    22 ||    50
         Ring mail         |       |    46 ||    46
  Dodge: Dodged            |    51 |    78 ||   129

Table legend:
 A = Non-vault XP
 B = Vault XP
 C = Vault XP percentage of total XP
 D = Non-vault monster count
 E = Vault monster count
 F = Vault count percentage of total count
                 A         B        C        D         E       F
            +---------+---------+-------+---------+---------+-------
      Total |     376 |      37 |   9.0 |      59 |       1 |   1.7
            +---------+---------+-------+---------+---------+-------
        D:1 |      50 |       0 |   0.0 |      19 |       0 |   0.0
        D:2 |      77 |      37 |  32.5 |      20 |       1 |   4.8
        D:3 |      25 |       0 |   0.0 |      12 |       0 |   0.0
        D:4 |     224 |       0 |   0.0 |       8 |       0 |   0.0
            +---------+---------+-------+---------+---------+-------
